 Dungeon Crawl Stone Soup version 0.31-a0-198-g2ad674f65e (webtiles) character file.

Game seed: 13989210461867458101

403 qw the Skirmisher (level 6, 0/35 HPs)
             Began as a Deep Elf Hunter on June 25, 2023.
             Slain by an orc priest
             ... wielding a +0 trident
              (2 damage)
             ... on level 4 of the Dungeon.
             The game lasted 00:00:53 (2149 turns).

qw the Skirmisher (Deep Elf Hunter)                 Turns: 2149, Time: 00:00:53

Health: 0/35       AC: 10    Str: 10    XL:     6   Next: 55%
Magic:  8/8        EV: 11    Int: 14    God:
Gold:   123        SH:  0    Dex: 18    Spells: 5/5 levels left

rFire   . . .        Y - +0 shortbow (drain)
rCold   + . .        (shield currently unavailable)
rNeg    . . .        o - +2 ring mail {rC+}
rPois   .            (no helmet)
rElec   .            (no cloak)
rCorr   .            (no gloves)
SInv    .            k - +2 pair of boots
Will    .....        (no amulet)
Stlth   +            (no ring)
HPRegen 0.25/turn    (no ring)
MPRegen 0.11/turn

%: no passive effects
@: no status effects
A: no striking features
a: no special abilities


You were on level 4 of the Dungeon.
You visited 1 branch of the dungeon, and saw 4 of its levels.

You collected 143 gold pieces.
You spent 20 gold pieces at shops.


   Skills:
 - Level 2.0 Fighting
 - Level 10.1 Ranged Weapons
 + Level 2.5 Dodging
 - Level 1.2 Stealth


You had 5 spell levels left.
You didn't know any spells.
Your spell library was empty.

Inventory:

Hand Weapons
 Y - a +0 shortbow of draining (weapon)
Armour
 k - a +2 pair of boots (worn)
 o - a +2 ring mail of cold resistance (worn)
Jewellery
 b - a +5 ring of evasion
Scrolls
 a - a scroll of identify
Potions
 d - a potion of might
 f - a potion of curing {unknown}
 g - a potion of lignification {unknown}
 h - a potion of attraction {unknown}
 i - a potion of ambrosia {unknown}
 j - a potion of mutation {unknown}
 l - a potion of degeneration {unknown}

Dungeon Overview and Level Annotations

Branches:
Dungeon (4/15)
 Temple: D:4-7

Altars:
Xom

Shops:
D:3 *   D:4 (


Message History

The orc priest hits you from afar with a +0 trident.
An orc comes into view. It is wielding a +0 flail.
The orc hits you with a +1 flail of protection.
2143 ||| READING scroll of teleportation.
As you read the scroll of teleportation, it crumbles to dust.
You feel strangely unstable.
The orc priest looks braver for a moment.
An orc comes into view. It is wielding a +0 flail.
The orc hits you but does no damage.
2144 ||| DRINKING potion of heal wounds.
You feel much better.
The orc priest hits you from afar with a +0 trident.
The orc hits you with a +1 flail of protection.
You shoot an arrow. The arrow closely misses the orc.
The arrow hits the orc!
You kill the orc!
Your surroundings flicker for a moment.
You hear a shout!
The orc hits you with a +1 flail of protection.
An orc comes into view. It is wielding a +0 dagger.
The orc priest hits you but does no damage.
You hear a shout!
You shoot an arrow.
The arrow hits the orc but does no damage.
The orc is lightly wounded.
The orc priest barely misses you. The orc closely misses you.
You shoot an arrow. The arrow hits the orc!
You kill the orc!
The jackal barely misses you.
An orc priest comes into view. It is wielding a +0 club.
The orc priest hits you but does no damage.
The jackal completely misses you.
You shoot an arrow. The arrow completely misses the jackal.
The jackal completely misses you.
The orc priest hits you from afar with a +0 trident.
You shoot an arrow. The arrow barely misses the jackal.
The jackal bites you but does no damage.
The orc priest mumbles some strange prayers to Beogh against you.
Beogh smites you!
The orc priest hits you from afar with a +0 trident.
You die...

... .# .. .. ..
##. #.##..
#.#.#.o #.#.)o
######## #.#h)#
#....... #.#.@#
#.###### #
#.#..# #.# #.
##.#..# #.#
##.#######.....#
#.#
#..........^..##
#.#
#.##..##....###
#.# #
#.###.##.##.#
#.# #
#........##.#
#.# #
#####.:.>##.#
#.#


You could see 2 orc priests and a jackal.

Vanquished Creatures
  A black bear (D:4)
  An ogre (D:4)
  A phantom (D:4)
  A hound (D:4)
  A jelly (D:4)
  A gnoll (D:3)
  2 adders (D:3)
  2 dart slugs
  6 orcs
  5 bats
  6 endoplasms
  4 giant cockroaches
  5 goblins
  6 hobgoblins
  2 jackals (D:4)
  4 quokkas
  5 ball pythons
  2 frilled lizards (D:1)
  5 kobolds (D:1)
  7 rats
67 creatures vanquished.

Notes
Turn   | Place    | Note
-------+----------+-------------------------------------------
     0 | D:1      | qw the Deep Elf Hunter began the quest for the Orb.
     0 | D:1      | Reached XP level 1. HP: 12/12 MP: 3/3
     0 | D:1      | 0 ||| qw: Version: 0.3-a-22-g0ed2b0b
     0 | D:1      | 0 ||| qw: Game counter: 5105
     0 | D:1      | 0 ||| qw: Melee chars always use a shield: true
     0 | D:1      | 0 ||| qw: God list: Okawaru
     0 | D:1      | 0 ||| qw: Allow faded altars: false
     0 | D:1      | 0 ||| qw: Do Orc after clearing Dungeon:15 true
     0 | D:1      | 0 ||| qw: Do second Lair branch before Depths: true
     0 | D:1      | 0 ||| qw: Lair rune preference: random
     0 | D:1      | 0 ||| qw: Goals: Normal
     0 | D:1      | 0 ||| PLANNING D:1-11
   173 | D:1      | 173 ||| Stepping ~*~*~tactically~*~*~ (water).
   196 | D:1      | Reached XP level 2. HP: 16/16 MP: 4/4
   199 | D:1      | Reached skill level 6 in Ranged Weapons
   261 | D:1      | 261 ||| READING scroll labelled WUEBLUR GULIA.
   733 | D:1      | 733 ||| READING scroll labelled YHIUM ILIUSA.
   734 | D:1      | 734 ||| READING scroll labelled KUTOKO LUERA.
   738 | D:1      | 738 ||| READING scroll labelled ZOPTEN JUPOMM.
   739 | D:1      | 739 ||| DROPPING scroll of butterflies.
   769 | D:2      | Found a shimmering altar of Xom.
   803 | D:2      | Reached XP level 3. HP: 14/20 MP: 5/5
  1174 | D:2      | 1174 ||| UPGRADING to +0 pair of boots.
  1179 | D:2      | 1179 ||| READING scroll of enchant armour.
  1179 | D:2      | 1179 ||| ENCHANTING +0 pair of boots.
  1180 | D:2      | 1180 ||| DROPPING ring of wizardry.
  1181 | D:2      | 1181 ||| READING scroll labelled CAIZXI KAICYI.
  1286 | D:3      | Found Riurhir's General Store.
  1301 | D:3      | 1301 ||| BUYING scroll of identify (20 gold).
  1301 | D:3      | Bought a scroll of identify for 20 gold pieces
  1319 | D:3      | Reached skill level 7 in Ranged Weapons
  1535 | D:3      | 1535 ||| Stepping ~*~*~tactically~*~*~ (outnumbered).
  1544 | D:3      | Reached XP level 4. HP: 22/25 MP: 6/6
  1693 | D:3      | 1693 ||| READING scroll of enchant armour.
  1693 | D:3      | 1693 ||| ENCHANTING +1 pair of boots.
  1742 | D:3      | 1742 ||| UPGRADING to +0 ring mail.
  1752 | D:3      | 1752 ||| DROPPING +0 leather armour.
  1753 | D:3      | 1753 ||| UPGRADING to +2 ring mail of cold resistance.
  1763 | D:3      | 1763 ||| DROPPING +0 ring mail.
  1764 | D:3      | 1764 ||| READING scroll labelled KAGUOTS TIKK.
  1765 | D:3      | 1765 ||| READING scroll labelled JOBLECR ROFI.
  1766 | D:3      | 1766 ||| READING 3 scrolls of identify.
  1766 | D:3      | 1766 ||| IDENTIFYING puce potion
  1767 | D:3      | 1767 ||| READING 2 scrolls of identify.
  1767 | D:3      | 1767 ||| IDENTIFYING smoky purple potion
  1789 | D:4      | Found Bauqism's Antique Weapon Emporium.
  1913 | D:4      | Reached skill level 8 in Ranged Weapons
  1913 | D:4      | Noticed a phantom
  1923 | D:4      | Killed a phantom
  1924 | D:4      | Reached skill level 9 in Ranged Weapons
  1924 | D:4      | Reached XP level 5. HP: 16/29 MP: 7/7
  2016 | D:4      | Noticed an ogre
  2020 | D:4      | Killed an ogre
  2021 | D:4      | Reached XP level 6. HP: 35/35 MP: 8/8
  2136 | D:4      | Reached skill level 10 in Ranged Weapons
  2142 | D:4      | HP: 8/35 [orc/+1 flail of protection (1)]
  2143 | D:4      | 2143 ||| READING scroll of teleportation.
  2144 | D:4      | 2144 ||| DRINKING potion of heal wounds.
  2149 | D:4      | HP: 2/35 [orc priest/divine providence (14)]
  2149 | D:4      | Slain by an orc priest

Levels and vault maps discovered:
D:1:      dpeg_arrival_shelter, layout_basic, serial_bayou_lake_a
D:2:      layout_basic, basic_altar
D:3:      layout_rooms, serial_shops, shop, minmay_surrounded
D:4:      layout_basic, serial_shops, shop, nicolae_shop_peninsula

Skill      XL: |  1  2  3  4  5  6 |
---------------+-------------------+-----
Ranged Weapons | 6 7 9 10 | 10.1
Fighting       | 2 |  2.0
Dodging        | |  2.5
Stealth        | |  1.2

Action                     |  1- 3 |  4- 6 || total
---------------------------+-------+-------++-------
   Fire: Shortbow          |   131 |    70 ||   201
    Use: Scroll            |     6 |     6 ||    12
         Potion            |       |     1 ||     1
 Armour: Leather armour    |    13 |       ||    13
         Ring mail         |       |    17 ||    17
  Dodge: Dodged            |    37 |    30 ||    67

Table legend:
 A = Non-vault XP
 B = Vault XP
 C = Vault XP percentage of total XP
 D = Non-vault monster count
 E = Vault monster count
 F = Vault count percentage of total count
                 A         B        C        D         E       F
            +---------+---------+-------+---------+---------+-------
      Total |     557 |      20 |   3.5 |      62 |       5 |   7.5
            +---------+---------+-------+---------+---------+-------
        D:1 |      36 |       0 |   0.0 |      25 |       0 |   0.0
        D:2 |      16 |       0 |   0.0 |       9 |       0 |   0.0
        D:3 |      57 |      20 |  26.0 |      16 |       5 |  23.8
        D:4 |     448 |       0 |   0.0 |      12 |       0 |   0.0
            +---------+---------+-------+---------+---------+-------
